 Dungeon Crawl Stone Soup version 0.28-a0-1002-gf00fe891ef (webtiles) character file.

Game seed: 3451868081957855029

1908 Armakuni the Twirler (level 9, 0/68 HPs)
             Began as a Human Artificer on Dec 6, 2021.
             Was an Initiate of Vehumet.
             Slain by a two-headed ogre (15 damage)
             ... on level 6 of the Dungeon.
             The game lasted 00:15:58 (8189 turns).

Armakuni the Twirler (Human Artificer)              Turns: 8189, Time: 00:15:59

Health: 0/68       AC:  7    Str: 21    XL:     9   Next: 38%
Magic:  9/9        EV: 12    Int: 14    God:    Vehumet [......]
Gold:   273        SH:  0    Dex: 13    Spells: 8/8 levels left

rFire   . . .      SeeInvis .   a - +0 quarterstaff
rCold   . . .      Faith    .   (shield currently unavailable)
rNeg    . . .      Spirit   .   g - +0 acid dragon scales
rPois   .          Reflect  .   (no helmet)
rElec   .          Harm     .   (no cloak)
rCorr   +          Rampage  .   (no gloves)
Will    .....                   (no boots)
Stlth   +.........              (no amulet)
HPRegen 0.21/turn               V - +6 ring of strength
MPRegen 0.11/turn               W - ring of wizardry

@: mighty
A: no striking features
a: Renounce Religion


You were on level 6 of the Dungeon.
You worshipped Vehumet.
Vehumet was noncommittal.
You visited 2 branches of the dungeon, and saw 7 of its levels.

You collected 273 gold pieces.

Inventory:

Hand Weapons
 a - a +0 quarterstaff (weapon)
 b - a +0 hand crossbow
 d - a +2 mace of protection
 u - a +0 whip of draining
Missiles
 f - 73 sling bullets
 n - 8 poisoned darts (quivered)
 q - 39 bolts
Armour
 g - +0 acid dragon scales (worn)
Jewellery
 c - a +6 ring of intelligence
 V - a +6 ring of strength (left hand)
 W - a ring of wizardry (right hand)
Wands
 k - a wand of digging (4)
Scrolls
 i - a scroll of identify
 j - 3 scrolls of fog
Potions
 h - a potion of curing
 o - a potion of berserk rage {unknown}
 t - a potion of might
 v - a potion of brilliance {unknown}
Miscellaneous
 x - a piece from Xom's chessboard (inert)


   Skills:
 - Level 5.0 Fighting
 - Level 4.0(6.4) Maces & Flails
 + Level 7.9(8.3) Staves
 - Level 4.0 Armour
 - Level 4.0 Dodging
 - Level 1.0 Stealth
 - Level 3.0 Evocations


You had 8 spell levels left.
You didn't know any spells.
Your spell library contained the following spells:

 Spells                   Type           Power      Damage    Failure   Level
 Petrify                  Tmut/Erth      0%         N/A       78%         4
 Metabolic Englaciation   Hex/Ice        0%         N/A       98%         5
 Statue Form              Tmut/Erth      0%         N/A       100%        6


Dungeon Overview and Level Annotations

Branches:
Dungeon (6/15)             Temple (1/1) D:5

Altars:
Ashenzari
Cheibriados
Dithmenos
Elyvilon
Fedhas
Hepliaklqana
Kikubaaqudgha
Makhleb
Nemelex Xobeh
Okawaru
Qazlal
Ru
Trog
Uskayaw
Vehumet
Wu Jian
Yredelemnul
The Shining One

Annotations:
D:2 Sigmund


Message History

Vehumet accepts your kill.
Things that are here:
a +0 giant spiked club; an ogre corpse
q - 40 bolts (gained 1)
q - 41 bolts (gained 1)
Found a stone staircase leading down.
A two-headed ogre comes into view.
It is wielding a +0 giant spiked club and a +0 dire flail.
The two-headed ogre shouts in stereo!
b - a +0 hand crossbow (weapon)
Okay, then.
Adjust (i)tems, (s)pells, or (a)bilities?
e - a piece from Xom's chessboard (inert) Adjust to which letter? (? for menu, Esc to quit)
x - a piece from Xom's chessboard (inert)
You shoot a bolt. The bolt hits the two-headed ogre.
The two-headed ogre is lightly wounded.
You shoot a bolt.
The bolt barely misses the two-headed ogre.
Okay, then.
a - a +0 quarterstaff (weapon)
You feel very mighty all of a sudden.
You sock the two-headed ogre!
The two-headed ogre is moderately wounded.
The two-headed ogre misses you. x2
You sock the two-headed ogre!
The two-headed ogre is heavily wounded.
The two-headed ogre hits you with a +0 giant spiked club!
The two-headed ogre hits you with a +0 dire flail.
You hit the two-headed ogre.
The two-headed ogre is heavily wounded.
You closely miss the two-headed ogre.
The two-headed ogre is heavily wounded.
The two-headed ogre hits you with a +0 giant spiked club!
The two-headed ogre misses you.
You sock the two-headed ogre!
The two-headed ogre is severely wounded.
The two-headed ogre hits you with a +0 giant spiked club!!
* * * LOW HITPOINT WARNING * * *
The two-headed ogre hits you with a +0 dire flail!
You die...

... #.# #.# #.#
#####.# ##...#.#
##.....O##
##......@.#
#.........#
##........##
##.........##
#...........##
######
##............##
##....##
#.........###..#
#......#
##.......###
##.###......#
#....).###
#..##......#


You could see a two-headed ogre.

Vanquished Creatures
  4 yaks
  An acid dragon (D:5)
  A necrophage (D:5)
  An ice beast (D:6)
  2 ogres
  A water moccasin zombie (D:5)
  2 water moccasin skeletons
  A howler monkey (D:5)
  A centaur zombie (D:5)
  3 hounds
  An orc priest (D:5)
  3 bullfrog skeletons (D:5)
  A gnoll shaman (D:5)
  An iguana (D:4)
  A hound skeleton (D:4)
  4 gnolls
  4 adders
  An adder skeleton (D:4)
  4 dart slugs
  4 orcs
  7 ball pythons
  5 bats
  2 endoplasms
  2 giant cockroaches
  4 goblins
  5 hobgoblins
  4 kobolds
  2 quokkas
  4 rats
76 creatures vanquished.

Vanquished Creatures (collateral kills)
  A black bear (D:6)
  A bullfrog zombie (D:5)
  2 hounds
  2 orc wizards (D:5)
  An orc (D:5)
  A quokka (D:5)
8 creatures vanquished.

Vanquished Creatures (others)
  A yak (D:6)
  An acid dragon (D:5)
  A black bear (D:5)
  A necrophage (D:5)
  An ogre (D:5)
5 creatures vanquished.

Grand Total: 89 creatures vanquished

Notes
Turn   | Place    | Note
-------+----------+-------------------------------------------
     0 | D:1      | Armakuni the Human Artificer began the quest for the Orb.
     0 | D:1      | Reached XP level 1. HP: 15/15 MP: 1/1
   333 | D:1      | Reached skill level 1 in Maces & Flails
   333 | D:1      | Reached XP level 2. HP: 8/21 MP: 2/2
   641 | D:1      | Found a faded altar of an unknown god.
   911 | D:1      | Reached XP level 3. HP: 27/27 MP: 3/3
  1799 | D:2      | Noticed Sigmund
  2143 | D:3      | Found an ancient bone altar of Kikubaaqudgha.
  2574 | D:3      | Found a hazy altar of Hepliaklqana.
  2658 | D:3      | Reached XP level 4. HP: 29/34 MP: 4/4
  3906 | D:4      | Reached XP level 5. HP: 35/41 MP: 5/5
  4063 | D:4      | Noticed an ogre
  4246 | D:4      | Killed an ogre
  4247 | D:4      | Reached XP level 6. HP: 48/48 MP: 6/6
  4763 | D:5      | Entered Level 5 of the Dungeon
  4825 | D:5      | Found a staircase to the Ecumenical Temple.
  4849 | Temple   | Entered the Ecumenical Temple
  5009 | Temple   | Became a worshipper of Vehumet
  5310 | D:5      | Noticed a necrophage
  5327 | D:5      | Killed a necrophage
  5328 | D:5      | Reached XP level 7. HP: 46/54 MP: 7/7
  6086 | D:5      | Noticed an acid dragon
  6099 | D:5      | Noticed an acid dragon
  6099 | D:5      | Noticed a shadow
  6104 | D:5      | Killed an acid dragon
  6105 | D:5      | Reached skill level 2 in Staves
  6105 | D:5      | Reached XP level 8. HP: 28/61 MP: 8/8
  6126 | D:5      | Reached skill level 5 in Fighting
  6775 | D:5      | Reached skill level 3 in Staves
  6941 | D:6      | Noticed a yak
  6945 | D:6      | Noticed a yak
  6946 | D:6      | Noticed a yak
  6954 | D:5      | Killed a yak
  6955 | D:5      | Reached skill level 4 in Staves
  7056 | D:6      | Noticed a yak
  7056 | D:6      | Noticed a yak
  7135 | D:6      | Killed a yak
  7136 | D:6      | Reached skill level 5 in Staves
  7308 | D:6      | Reached XP level 9. HP: 59/68 MP: 9/9
  7434 | D:6      | Reached skill level 6 in Staves
  7714 | D:5      | Reached skill level 7 in Staves
  8179 | D:6      | Noticed a two-headed ogre
  8189 | D:6      | Slain by a two-headed ogre

Illustrated notes

Levels and vault maps discovered:
D:1:      heliophobic_arrival_ceremonial_halls, layout_loops_ring,
          nicolae_ecumenical_snake_handling
D:2:      layout_basic, hex_large, uniq_sigmund
D:3:      layout_loops_ring, mainiacjoe_overflow_small_starburst,
          nicolae_kikubaaqudgha_miasma_corner, corexii_hall_statues_l,
          chequers_serial_rivers_micro_d, serial_park_tiny_1
D:4:      layout_rooms
D:5:      cheibrodos_barr_body, layout_cave_pools,
          minmay_temple_entry_statues_pillars, kennysheep_generic_room_11
D:6:      layout_cave_pods, uniq_eustachio
Temple:   regret_index_temple_sphere_string

Skill      XL: |  1  2  3  4  5  6  7  8  9 |
---------------+----------------------------+-----
Maces & Flails | 1 2 3 4 |  4.0
Fighting       | 2 3 4 5 |  5.0
Armour         | 3 4 |  4.0
Dodging        | 2 4 |  4.0
Staves         | 2 5 7 |  7.9
Stealth        | |  1.0
Evocations     | |  3.0

Action                   |  1- 3 |  4- 6 |  7- 9 || total
-------------------------+-------+-------+-------++-------
Melee: Club              |   103 |       |       ||   103
       Whip              |     6 |    23 |    41 ||    70
       Flail             |       |    80 |    12 ||    92
       Mace              |       |       |    81 ||    81
       Quarterstaff      |       |       |    19 ||    19
 Fire: Hand crossbow     |       |    21 |     4 ||    25
Throw: Dart              |       |     2 |     5 ||     7
Evoke: Wand              |    16 |       |    14 ||    30
       Piece from Xom's  |    14 |     5 |    11 ||    30
  Use: Scroll            |       |     7 |     4 ||    11
       Potion            |       |     2 |     3 ||     5
 Stab: Sleeping          |     5 |       |       ||     5
       Petrified         |     2 |     2 |       ||     4
       Confused          |     2 |       |       ||     2
       Petrifying        |       |     1 |       ||     1
       Paralysed         |       |       |     2 ||     2
       Betrayed ally     |       |       |     1 ||     1
Armor: Leather armour    |    46 |    26 |       ||    72
       Scale mail        |       |     4 |    48 ||    52
       Acid dragon scale |       |       |    25 ||    25
Dodge: Dodged            |    86 |    79 |    99 ||   264

Table legend: (Time is in decaauts)
 A = Elapsed time spent in this place.
 B = Non-inter-level travel time spent in this place.
 C = Inter-level travel time spent in this place.
 D = Time resting spent in this place.
 E = Time spent auto-exploring this place.
 F = Levels seen in this place.
 G = Mean time per level.
                   A        B        C        D        E       F      G
               +--------+--------+--------+--------+--------+-----+--------+
         Total |   8262 |   7833 |    429 |   2603 |   3594 |   7 | 1180.3 |
       Dungeon |   8089 |   7691 |    398 |   2603 |   3472 |   6 | 1348.2 |
        Temple |    173 |    142 |     31 |      0 |    122 |   1 |  173.0 |
               +--------+--------+--------+--------+--------+-----+--------+

Top non-repeatable levels by time:
     D:1: 1779 daAuts
     D:3: 1717 daAuts
     D:5: 1692 daAuts
     D:4: 1147 daAuts
     D:6: 918 daAuts
     D:2: 835 daAuts
  Temple: 173 daAuts
